 Dungeon Crawl Stone Soup version 0.32-a0-290-g598725c5f2 (webtiles) character file.

Game seed: 3304103157266846888

29 EC1 the Trooper (level 3, -1/10 (33) HPs)
             Began as a Mountain Dwarf Fighter on Feb 13, 2024.
             Slain by a rat (2 damage)
             ... on level 1 of the Dungeon.
             The game lasted 00:01:36 (839 turns).

EC1 the Trooper (Mountain Dwarf Fighter)             Turns: 839, Time: 00:01:37

HP:   -1/10 (33)    AC:  6    Str: 20    XL:     3   Next: 1%
MP:   3/3           EV:  6    Int:  8    God:
Gold: 8             SH:  4    Dex:  9    Spells: 2/2 levels left

rFire   . . .        a - +0 war axe
rCold   . . .        c - +0 buckler
rNeg    . . .        b - +0 scale mail
rPois   .            (no helmet)
rElec   .            h - scarf {+Inv}
rCorr   .            (no gloves)
SInv    .            (no boots)
Will    .....        (no amulet) Stlth
                     (no ring)
HPRegen 0.21/turn    (no ring)
MPRegen 0.08/turn

%: no passive effects
@: very slightly contaminated, constricted, extremely drained
A: runic magic, artefact enchanting
a: Evoke Invisibility


You were on level 1 of the Dungeon.
You visited 1 branch of the dungeon, and saw 1 of its levels.

You collected 8 gold pieces.

Inventory:

Hand Weapons
 a - a +0 war axe (weapon)
 f - a +1 short sword of venom
Armour
 b - a +0 scale mail (worn)
 c - a +0 buckler (worn)
 h - a scarf of invisibility (worn)
Scrolls
 g - a scroll of fear {unknown}
 i - a scroll of identify {unknown}
 l - a scroll of fog {unknown}
Potions
 d - 2 potions of might
 e - 4 potions of curing {unknown}
 j - a potion of degeneration {unknown}
 k - a potion of lignification {unknown}


   Skills:
 + Level 3.8 Fighting
 + Level 3.1 Axes
 + Level 3.5 Armour
 + Level 3.5 Shields


You had 2 spell levels left.
You didn't know any spells.
Your spell library was empty.

Dungeon Overview and Level Annotations

Branches:
Dungeon (1/15)

Altars:


Innate Abilities, Weirdness & Mutations

Your spellcasting is much less encumbered by armour.
You can use scrolls of enchantment on lesser artefacts.


Message History

The kobold hits you with a +0 short sword.
You barely miss the kobold.
The hobgoblin shouts!
You hear an angry hiss. x2
The kobold hits you but does no damage.
A kobold comes into view. It is wielding a +0 dagger.
The hobgoblin hits you but does no damage.
The kobold hits you but does no damage.
You hit the kobold.
You kill the kobold!
The rat squeaks loudly.
You slash the hobgoblin!
You kill the hobgoblin!
The rat squeaks loudly.
A ball python comes into view.
You have reached level 3!
Your experience leads to an increase in your attributes!
Increase (S)trength, (I)ntelligence, or (D)exterity?
You feel stronger. x2
A ball python comes into view.
The rat squeaks loudly.
The ball python hisses angrily. x2
The rat squeaks loudly.
The ball python hisses angrily. x2
You flicker back into view.
The rat squeaks loudly.
The ball python hisses angrily. x2
You hit the kobold but do no damage. The kobold hits you but does no damage.
The ball python attacks as it pursues you!
The ball python bites you.
* * * LOW HITPOINT WARNING * * *
The ball python barely misses you. The rat closely misses you.
You hit the ball python.
The ball python is severely wounded.
You hit the rat.
The ball python bites you but does no damage.
The ball python grabs you. The ball python constricts you.
* * * LOW HITPOINT WARNING * * *
The rat bites you but does no damage. The ball python bites you.
* * * LOW HITPOINT WARNING * * *
The ball python constricts you.
* * * LOW HITPOINT WARNING * * *
The rat bites you.
You die...

.#..#.......#####.#
....#.......#.....
#...........#...##
.
#.....)....>.....)
. #.....=.......###
#
###.....###.#.....
. #....K#
#.#.######. #
#...rS# #..........
#...S@# ###....####
#.....# #.##.#
###########.# ..
#...#'####.#
#........#.##
#........#...###
#...............
#........####...
#...###### #...


You could see 2 ball pythons, a kobold and a rat.

Vanquished Creatures
  2 ball pythons (D:1)
  A bat (D:1)
  3 endoplasms (D:1)
  A giant cockroach (D:1)
  3 goblins (D:1)
  A hobgoblin (D:1)
  3 kobolds (D:1)
14 creatures vanquished.

Notes
Turn   | Place    | Note
-------+----------+-------------------------------------------
     0 | D:1      | EC1 the Mountain Dwarf Fighter began the quest for the Orb.
     0 | D:1      | Reached XP level 1. HP: 19/19 MP: 1/1
    26 | D:1      | Found a faded altar of an unknown god.
    58 | D:1      | Reached XP level 2. HP: 20/26 MP: 2/2
   833 | D:1      | Reached XP level 3. HP: 4/10 MP: 3/3
   839 | D:1      | Slain by a rat

Illustrated notes

Levels and vault maps discovered:
D:1:      ldierk_walled_garden_2, layout_basic, ebering_ecumenical_altar_hall,
          minmay_pentomino_t4

Skill      XL: |  1  2 |
---------------+-------+-----
Axes           | 3 |  3.1
Fighting       | |  3.8
Armour         | |  3.5
Shields        | |  3.5

Action                     || total
---------------------------++-------
  Melee: War axe           ||    40
Ability: Evoke Invisibilit ||     1
 Armour: Scale mail        ||    34
  Dodge: Dodged            ||    25
  Block: Buckler           ||     3

Table legend: (Time is in decaauts)
 A = Elapsed time spent in this place.
 B = Non-inter-level travel time spent in this place.
 C = Inter-level travel time spent in this place.
 D = Time resting spent in this place.
 E = Time spent auto-exploring this place.
 F = Levels seen in this place.
 G = Mean time per level.
                   A        B        C        D        E       F      G
               +--------+--------+--------+--------+--------+-----+--------+
         Total |    855 |    855 |      0 |    564 |     35 |   1 |  855.0 |
       Dungeon |    855 |    855 |      0 |    564 |     35 |   1 |  855.0 |
               +--------+--------+--------+--------+--------+-----+--------+

Top non-repeatable levels by time:
     D:1: 855 daAuts
